 Dungeon Crawl Stone Soup version 0.24.1-14-gf8d2b509d9 (webtiles) character file.

Game seed: 9902575142067345512, levelgen mode: deterministic

133 Mrkan the Vandal (level 5, -6/35 HPs)
             Began as a Halfling Hunter on May 21, 2020.
             Mangled by an orc warrior
             ... wielding a +0 halberd
              (17 damage)
             ... on level 4 of the Dungeon on May 22, 2020.
             The game lasted 00:08:03 (3651 turns).

Mrkan the Vandal (Halfling Hunter)                  Turns: 3651, Time: 00:08:03

Health: -6/35      AC:  3    Str: 13    XL:     5   Next: 39%
Magic:  5/5        EV: 15    Int:  9    God:
Gold:   162        SH:  4    Dex: 16    Spells: 4/4 levels left

rFire    . . .     SeeInvis .   x - +0 dagger (venom)
rCold    . . .     Gourm    .   w - +0 buckler
rNeg     . . .     Faith    .   c - +0 leather armour
rPois    .         Spirit   .   (no helmet)
rElec    .         Reflect  .   (no cloak)
rCorr    .         Harm     .   (no gloves)
MR       .....                  (no boots)
Stlth    ++........             (no amulet)
HPRegen  0.11/turn              (no ring)
MPRegen  0.09/turn              (no ring)

@: no status effects
A: small, mutation resistance 1
a: no special abilities


You were on level 4 of the Dungeon.
You were very hungry.

You visited 1 branch of the dungeon, and saw 4 of its levels.

You collected 162 gold pieces.

Inventory:

Hand Weapons
 a - a +1 hunting sling
 q - a +0 dagger of draining
 x - a +0 dagger of venom (weapon)
Missiles
 h - 39 stones (quivered)
Armour
 c - a +0 leather armour (worn)
 w - a +0 buckler (worn)
Jewellery
 i - an uncursed amulet of magic regeneration {unknown}
Wands
 o - a wand of paralysis (11)
Scrolls
 d - 5 scrolls of teleportation {unknown}
 e - 2 scrolls of identify {unknown}
 k - 2 scrolls of remove curse {unknown}
 l - a scroll of magic mapping {unknown}
 m - 2 scrolls of enchant armour {unknown}
 n - 2 scrolls of immolation {unknown}
 s - a scroll of random uselessness {unknown}
 u - a scroll of noise {unknown}
Potions
 b - a potion of resistance {unknown}
 g - a potion of heal wounds {unknown}
 p - 2 potions of lignification {unknown}
 r - 2 potions of curing {unknown}
 t - 2 potions of invisibility {unknown}
 v - a potion of cancellation {unknown}
 z - a potion of agility {unknown}
Comestibles
 f - 10 rations


   Skills:
 + Level 2.7 Fighting
 * Level 7.7 Slings
 + Level 3.3 Dodging
 - Level 1.1 Stealth


You had 4 spell levels left.
You didn't know any spells.
Your spell library was empty.

Dungeon Overview and Level Annotations

Branches:
Dungeon (4/15)
 Temple: D:4-7

Altars:
Cheibriados
Qazlal
Ru
Sif Muna
Uskayaw
Yredelemnul

Annotations:
D:2 1 runed translucent door, Crazy Yiuf
D:3 1 runed translucent door, raetorn's ghost, amateur DgCj


Innate Abilities, Weirdness & Mutations

You are small and have problems with some larger weapons.
You are somewhat resistant to further mutation.


Message History

Level annotation: 1 runed translucent door, raetorn's ghost, amateur DgCj
There is a stone staircase leading down here.
You start resting.
You are feeling hungry.
You start resting.
You are feeling very hungry.
You start resting.
HP restored.
Your +0 dagger of venom begins to drip with poison!
x - a +0 dagger of venom (weapon)
You climb downwards.
There is a stone staircase leading up, spattered with blood here.
The orc warrior hits you from afar with a +0 halberd!!
Ouch! That really hurt!
You see here 2 stones.
The orc warrior hits you with a +0 halberd.
You see here 2 sling bullets.
You hit the orc warrior but do no damage.
The orc warrior hits you with a +0 halberd!
You die...

...........o♣≈♣.........#........
....##........###....)........##.
. ##.#.....##.####........####...
.#.............###.......## ..
....#.........(........[.## .
(...#.....................##
).......##.......(....#....#
.#......##......o.....#....#
#.......#......@........###
.#......>#.....(.........o.o...
#.........#..............(....
..#.........#..[<......#........
.....<......#..........#.(...###
...............................
.#............#.................
##.............................
#...........#.........


You could see an orc warrior.

Vanquished Creatures
  Jessica (D:2)
  2 adders
  2 oozes
  3 worms
  2 dart slugs (D:1)
  2 leopard geckos
  5 orcs
  A giant cockroach (D:1)
  5 hobgoblins
  4 jackals (D:2)
  2 quokkas
  2 ball pythons
  15 bats
  2 frilled lizards
  2 gnoll zombies (D:2)
  2 goblins
  4 kobolds
  6 rats
62 creatures vanquished.

Vanquished Creatures (others)
  2 withered plants (D:3)
2 creatures vanquished.

Grand Total: 64 creatures vanquished

Notes
Turn   | Place    | Note
-------+----------+-------------------------------------------
     0 | D:1      | Mrkan the Halfling Hunter began the quest for the Orb.
     0 | D:1      | Reached XP level 1. HP: 14/14 MP: 1/1
   172 | D:1      | Reached skill level 6 in Slings
   204 | D:1      | Reached XP level 2. HP: 19/19 MP: 2/2
   493 | D:1      | Reached XP level 3. HP: 24/24 MP: 3/3
   989 | D:2      | Found a stormy altar of Qazlal.
  1209 | D:2      | Reached XP level 4. HP: 29/29 MP: 4/4
  1289 | D:2      | Reached skill level 7 in Slings
  1401 | D:2      | Noticed Jessica
  1405 | D:2      | Killed Jessica
  1416 | D:2      | Found a shimmering blue altar of Sif Muna.
  1430 | D:2      | Found a hide-covered altar of Uskayaw.
  1430 | D:2      | Found a sacrificial altar of Ru.
  1710 | D:2      | Found a basalt altar of Yredelemnul.
  1803 | D:2      | Found a runed translucent door.
  1804 | D:2      | Noticed Crazy Yiuf
  1958 | D:3      | Reached XP level 5. HP: 35/35 MP: 5/5
  2383 | D:3      | Found a runed translucent door.
  2383 | D:3      | Noticed raetorn's ghost (amateur DgCj)
  2415 | D:3      | Found a snail-covered altar of Cheibriados.
  3267 | D:4      | Noticed an orc warrior
  3651 | D:4      | Mangled by an orc warrior

Levels and vault maps discovered:
D:1:      dpeg_arrival_renting, layout_basic
D:2:      layout_rooms, lemuel_round_altar, lemuel_zombie_altar_yredelemnul,
          nicolae_overflow_hidden_temple, chequers_serial_rivers_small_b,
          uniq_jessica, uniq_crazy_yiuf_cottage
D:3:      layout_loops_ring, lemuel_doored_altar, gammafunk_ghost_grave
D:4:      layout_cave_pools, serial_bayou_pond_e, roderic_batcave

Skill      XL: |  1  2  3  4 |
---------------+-------------+-----
Slings         | 6 7 |  7.7
Fighting       | 2 |  2.7
Dodging        | 3 |  3.3
Stealth        | |  1.1

Action                   |  1- 3 |  4- 6 || total
-------------------------+-------+-------++-------
Melee: Short sword       |    44 |    28 ||    72
       Dagger            |       |    31 ||    31
 Fire: Hunting sling     |    74 |    73 ||   147
Throw: Stone             |       |     5 ||     5
 Stab: Sleeping          |       |     1 ||     1
  Eat: Chunk             |     1 |     6 ||     7
Armor: Leather armour    |    22 |    17 ||    39
Dodge: Dodged            |    99 |    65 ||   164
Block: Buckler           |       |     3 ||     3
